Cogmind - Beta 10.2 @@@ ROGUE MODE // 2021.11.27 @ 20:35:10 Player: TheSlyFawkes Result: Self-destructed Performance ------------- Evolutions (2) 1000 Regions Visited (5) 1000 Robots Destroyed (10) 50 Value Destroyed (173) 173 Prototype IDs (4) 80 Alien Tech Used (0) 0 Bonus (360) 360 TOTAL SCORE: 2663 Bonus ------- Follower Combat Kills 60 Aligned with FarCom 300 Cogmind --------- Core Integrity 490/550 Matter 282/300 Energy 160/160 System Corruption 0% Temperature Cool (0) Movement Flying (37) Location -8/Materials Parts ------- > --- POWER (1) -------- Light Nuclear Core > --- PROPULSION (3) --- Flight Unit Flight Unit > --- UTILITY (5) ------ Enhanced Optical Array Experimental Sensor Array Propulsion Shielding > --- WEAPON (2) ------- Light Assault Rifle > --- INVENTORY (4) ---- Cloak of Protection Propulsion Shielding AWS/Thermal Peak State ------------ > --- POWER ------------ Light Ion Engine > --- PROPULSION ------- Flight Unit Flight Unit > --- UTILITY ---------- Experimental Sensor Array Propulsion Shielding > --- WEAPON ----------- AWS/Thermal > --- INVENTORY -------- Light Nuclear Core Flight Unit Flight Unit Improved Heat Sink [Rating: 26] Favorites ----------- Power Light Ion Engine Engine Light Ion Engine Power Core Light Nuclear Core Propulsion Flight Unit Flight Unit Flight Unit Utility Propulsion Shielding Device Improved Heat Sink Processor Enhanced Optical Array Protection Propulsion Shielding Weapon Light Assault Rifle Energy Gun Small Laser Ballistic Gun Light Assault Rifle Build | -11 -10 -10 -10 -9 -8 ------- Run | Scr Mat Min Exi Min Mat Slots Evolved 4 | . . . . . 4 Power . | . . . . . . Propulsion 1 | . . . . . 1 Utility 3 | . . . . . 3 Weapon . | . . . . . . Parts Attached 22 | 2 9 1 7 1 2 Power 2 | . 1 . 1 . . Engine 1 | . 1 . . . . Core 1 | . . . 1 . . Reactor . | . . . . . . Propulsion 4 | . 2 . . 1 1 Treads . | . . . . . . Leg . | . . . . . . Wheel . | . . . . . . Hover . | . . . . . . Flight 4 | . 2 . . 1 1 Utility 7 | . 2 . 4 . 1 Device 4 | . 1 . 3 . . Storage . | . . . . . . Processor 1 | . . . . . 1 Hackware . | . . . . . . Protection 2 | . 1 . 1 . . Artifact . | . . . . . . Weapon 9 | 2 4 1 2 . . Energy Gun 2 | 1 . . 1 . . Energy Cannon . | . . . . . . Ballistic Gun 7 | 1 4 1 1 . . Ballistic Cannon . | . . . . . . Launcher . | . . . . . . Special Weapon . | . . . . . . Impact Weapon . | . . . . . . Slashing Weapon . | . . . . . . Piercing Weapon . | . . . . . . Special Melee Weapon . | . . . . . . Unidentified Prototypes 4 | . . . 4 . . Parts Lost 1 | . . . . . 1 Power . | . . . . . . Propulsion 1 | . . . . . 1 Utility . | . . . . . . Weapon . | . . . . . . Highest Loss Streak 1 | . . . . . 1 Average Slot Usage (%) 80 | . 61 100 92 85 67 Engine 6 | . 6 14 8 . . Core 4 | . . . 5 14 9 Flight 22 | . 13 28 28 28 22 Device 11 | . 6 14 14 14 9 Protection 10 | . 6 14 13 14 9 Energy Gun 1 | . 5 . . . . Ballistic Gun 20 | . 22 28 21 14 9 Naked Turns . | . . . . . . Heaviest Build 8 | 2 7 7 8 8 8 Greatest Support 12 | 3 8 8 8 8 12 Greatest Overweight (x) . | . . . . . . Average Overweight (x) . | . . . . . . Largest Inventory Capacity 4 | 4 4 4 4 4 4 Average Capacity 4 | 4 4 4 4 4 4 Most Carried 4 | 2 4 4 4 4 4 Average Carried 3 | 1 3 3 3 3 3 Final Capacity 4 | 4 4 4 4 4 4 Final Carried 4 | 2 4 4 4 4 4 Class Distribution -------------------- 48% | Scavenger-Mutant 25% | Mutant 25% | Scout Dominant Class ---------------- Mutant | -10/Materials Scavenger-Mutant | -10/Mines Scavenger-Mutant | -10/Exiles Scout | -9/Mines Scout | -8/Materials Resources | -11 -10 -10 -10 -9 -8 ----------- Run | Scr Mat Min Exi Min Mat Matter Collected 463 | 196 151 36 . 80 . Remotely . | . . . . . . Salvage Created 217 | . 217 . . . . Parts 18 | . 18 . . . . Haulers Intercepted . | . . . . . . Recyclers Shooed . | . . . . . . Parts Field Recycled . | . . . . . . Retrieved Matter . | . . . . . . Parts Self-Destructed . | . . . . . . Prevented . | . . . . . . Kills | -11 -10 -10 -10 -9 -8 ------- Run | Scr Mat Min Exi Min Mat Combat Hostiles Destroyed 8 | . 8 . . . . Guns 8 | . 8 . . . . Classes Destroyed 4 | . 4 . . . . Operator 1 | . 1 . . . . Watcher 1 | . 1 . . . . Swarmer 6 | . 6 . . . . Grunt 2 | . 2 . . . . Best Kill Streak 7 | . 7 . . . . Combat Bots Only 7 | . 7 . . . . Max Kills in Single Turn 2 | . 2 . . . . Gunslinging 1 | . 1 . . . . Exploded . | . . . . . . Melee . | . . . . . . Uniques/NPCs Destroyed . | . . . . . . Combat | -11 -10 -10 -10 -9 -8 -------- Run | Scr Mat Min Exi Min Mat Damage Taken 534 | . 286 13 . 31 204 Core 224 | . 136 . . 28 60 Absorbed by Shields . | . . . . . . Core Remaining (%) 67 | 100 . . . 34 . Volleys Fired 39 | . 36 . . . 3 Largest 2 | . 2 . . . 1 Hottest 60 | . 60 . . . 20 Shots Fired 75 | . 72 . . . 3 Gun 75 | . 72 . . . 3 Cannon . | . . . . . . Launcher . | . . . . . . Special . | . . . . . . Kinetic 66 | . 63 . . . 3 Thermal 9 | . 9 . . . . Explosive . | . . . . . . Electromagnetic . | . . . . . . Robot Hit Streak 12 | . 12 . . . 1 Robot Miss Streak 6 | . 6 . . . 2 Penetration Max . | . . . . . . Secondary Targets 2 | . 2 . . . . Max Gunslinging Chain 1 | . 1 . . . . Shots Hit Robots 40 | . 39 . . . 1 Core Hits 18 | . 18 . . . . Critical Hits . | . . . . . . Critical Kills . | . . . . . . Critical Parts Destroyed . | . . . . . . Melee Attacks . | . . . . . . Impact . | . . . . . . Slashing . | . . . . . . Piercing . | . . . . . . Sneak Attacks . | . . . . . . Combat Hostiles . | . . . . . . Follow-up Attacks . | . . . . . . Damage Inflicted 384 | . 384 . . . . Guns 384 | . 384 . . . . Cannons . | . . . . . . Explosions . | . . . . . . Melee . | . . . . . . Ramming . | . . . . . . Kinetic 307 | . 307 . . . . Thermal 77 | . 77 . . . . Explosive . | . . . . . . Electromagnetic . | . . . . . . Impact . | . . . . . . Slashing . | . . . . . . Piercing . | . . . . . . Highest Corruption . | . . . . . . Average Corruption . | . . . . . . Corruption Purged . | . . . . . . Overload Shots . | . . . . . . Overflow Damage . | . . . . . . Projectiles . | . . . . . . Explosions . | . . . . . . Melee . | . . . . . . Knockbacks . | . . . . . . Impact . | . . . . . . Kinetic . | . . . . . . Secondary . | . . . . . . Self-Inflicted Damage . | . . . . . . Shots . | . . . . . . Rammed . | . . . . . . Targets Rammed . | . . . . . . Kicked . | . . . . . . Crushed . | . . . . . . Highest Temperature 41 | . 41 . . . 6 Average Temperature 14 | . 15 . . . 6 Received Heat Transfer 138 | . 39 9 . 9 81 Siege Activations . | . . . . . . Robots Corrupted . | . . . . . . Combat Hostiles . | . . . . . . Parts Fried . | . . . . . . Impact Corruptions . | . . . . . . Robots Melted . | . . . . . . Combat Hostiles . | . . . . . . Parts Melted . | . . . . . . Heat Transferred 175 | . 175 . . . . Parts Sabotaged . | . . . . . . Parts Stolen . | . . . . . . Parts Stripped . | . . . . . . Power Chain Reactions . | . . . . . . Missiles Intercepted . | . . . . . . Alert | -11 -10 -10 -10 -9 -8 ------- Run | Scr Mat Min Exi Min Mat Peak Influence 297 | . 297 140 . 75 229 Initial 37 | . . 37 . . 29 Average 107 | . 155 100 . 35 91 Maximum Alert Level 1 | . 1 . . . 1 Low Security (%) 77 | 100 45 100 . 100 97 Level 1 22 | . 54 . . . 2 Level 2 . | . . . . . . Level 3 . | . . . . . . Level 4 . | . . . . . . Level 5 . | . . . . . . High Security . | . . . . . . Max Security . | . . . . . . Squads Dispatched 4 | . 2 . . . 2 Investigation 1 | . 1 . . . . Extermination . | . . . . . . Reinforcement 3 | . 1 . . . 2 Assault . | . . . . . . Garrison . | . . . . . . Intercept . | . . . . . . Construction Impeded . | . . . . . . Haulers Reinforced . | . . . . . . Stealth | -11 -10 -10 -10 -9 -8 --------- Run | Scr Mat Min Exi Min Mat Distress Signals . | . . . . . . Communications Jammed . | . . . . . . Distress Signals . | . . . . . . Times Spotted 55 | . 16 4 . 10 25 Peak Tracking Total 20 | . 6 2 . 5 20 Tactical Retreats 7 | . . 2 . 3 2 Traps | -11 -10 -10 -10 -9 -8 ------- Run | Scr Mat Min Exi Min Mat Traps Triggered . | . . . . . . Indirectly . | . . . . . . Trap Hack Attempts . | . . . . . . Triggered . | . . . . . . Disarmed . | . . . . . . Reprogrammed . | . . . . . . Reused . | . . . . . . Traps Extracted . | . . . . . . Installed . | . . . . . . Triggered . | . . . . . . Machines | -11 -10 -10 -10 -9 -8 ---------- Run | Scr Mat Min Exi Min Mat Machines Disabled . | . . . . . . Max in Single Turn . | . . . . . . Machines Sabotaged . | . . . . . . Garrisons Compromised . | . . . . . . Overloaded Fab Kills . | . . . . . . Fab Network Shutdowns . | . . . . . . Hacking | -11 -10 -10 -10 -9 -8 --------- Run | Scr Mat Min Exi Min Mat Machines Accessed 11 | . 8 . . 1 2 Terminals 7 | . 6 . . . 1 Fabricators . | . . . . . . Repair Stations . | . . . . . . Recycling Units 3 | . 2 . . . 1 Scanalyzers . | . . . . . . Garrison Access . | . . . . . . Total Hacks 30 | . 24 . . 1 5 Successful 17 | . 14 . . 1 2 Failed 12 | . 9 . . . 3 Catastrophic . | . . . . . . Database Lockouts 1 | . 1 . . . . Manual 1 | . . . 1 . . Terminals 23 | . 20 . . . 3 Fabricators . | . . . . . . Repair Stations . | . . . . . . Recycling Units 6 | . 4 . . . 2 Scanalyzers . | . . . . . . Garrison Access . | . . . . . . Terminal Hacks 13 | . 11 . . 1 1 Record 6 | . 6 . . . . Open Door 1 | . . . . 1 . Locate Traps 3 | . 2 . . . 1 Zone Layout 3 | . 3 . . . . Fabricator Hacks . | . . . . . . Repair Station Hacks . | . . . . . . Recycling Unit Hacks 4 | . 3 . . . 1 Process 1 | . 1 . . . . Report Inventory 3 | . 2 . . . 1 Scanalyzer . | . . . . . . Garrison Access Hacks . | . . . . . . Unauthorized Hacks . | . . . . . . Terminals . | . . . . . . Fabricators . | . . . . . . Repair Stations . | . . . . . . Recycling Units . | . . . . . . Scanalyzers . | . . . . . . Garrison Access . | . . . . . . Data Cores Recovered . | . . . . . . Used . | . . . . . . Hacking Detections 8 | . 7 . . . 1 Full Trace Events 1 | . 1 . . . . Feedback Events . | . . . . . . Feedback Blocked . | . . . . . . Robot Schematics Acquired . | . . . . . . Robots Built . | . . . . . . Matter . | . . . . . . Time . | . . . . . . Total Robot Build Rating . | . . . . . . Part Schematics Acquired . | . . . . . . Parts Built . | . . . . . . Matter . | . . . . . . Time . | . . . . . . Total Part Build Rating . | . . . . . . Parts Repaired . | . . . . . . Time . | . . . . . . Parts Recycled . | . . . . . . Recycled Matter 15 | . 15 . . . . Retrieved Matter . | . . . . . . Retrieved Components . | . . . . . . Parts Scanalyzed . | . . . . . . Part Schematics Acquired . | . . . . . . Parts Damaged . | . . . . . . Bothacking | -11 -10 -10 -10 -9 -8 ------------ Run | Scr Mat Min Exi Min Mat Used RIF Installer . | . . . . . . Robots Hacked . | . . . . . . Non-combat . | . . . . . . Combat . | . . . . . . Robot Hacks Applied . | . . . . . . Relay Couplers Released . | . . . . . . Robots Rewired . | . . . . . . Allies Hacked . | . . . . . . Hacks Repelled . | . . . . . . Allies | -11 -10 -10 -10 -9 -8 -------- Run | Scr Mat Min Exi Min Mat Total Allies 3 | . . 3 . . . Largest Group 3 | . . 3 . . . Highest-Rated Group 40 | . . 40 . . . Highest-Rated Ally 16 | . . 16 . . . Total Orders . | . . . . . . Ally Attacks 12 | . . 12 . . . Total Damage 134 | . . 134 . . . Kills 2 | . . 2 . . . Allies Corrupted . | . . . . . . Allies Melted . | . . . . . . Intel | -11 -10 -10 -10 -9 -8 ------- Run | Scr Mat Min Exi Min Mat Robot Analysis Total . | . . . . . . Derelict Logs Recovered 4 | . . 2 . 2 . Drone Launches . | . . . . . . Drone Recoveries . | . . . . . . Exploration | -11 -10 -10 -10 -9 -8 ------------- Run | Scr Mat Min Exi Min Mat Turns Passed 1286 | 17 409 255 269 196 140 Spaces Moved 2729 | 22 660 620 680 447 300 Core 271 | 22 249 . . . . Treads . | . . . . . . Legs . | . . . . . . Wheels . | . . . . . . Hover . | . . . . . . Flight 2458 | . 411 620 680 447 300 Fastest Speed 34 | 50 37 37 37 37 34 Average Speed 38 | 50 41 37 37 37 35 Slowest Speed 50 | 50 50 37 37 37 37 Overloaded Moves . | . . . . . . Propulsion Burnouts . | . . . . . . Robots Hopped 15 | . 2 3 . 5 5 Cave-ins Triggered . | . . . . . . Exploration Rate (%) 66 | 3 99 90 90 72 46 Regions Visited 5 Branch Regions 3 Pre-discovered Areas 1 | . . 1 . . . Known Exits Taken . | . . . . . . Unknown Exits Taken 5 | 1 1 1 1 1 . Scrap Searched 2 | . . 1 . 1 . Spaces Dug . | . . . . . . Terrain Destroyed . | . . . . . . Melee . | . . . . . . Projectile . | . . . . . . AOE . | . . . . . . Terrain Rammed . | . . . . . . Walls Destroyed . | . . . . . . Machines Disabled . | . . . . . . Actions | -11 -10 -10 -10 -9 -8 --------- Run | Scr Mat Min Exi Min Mat Total 2893 | 27 730 642 698 471 325 Wait 83 | . 11 21 . 27 24 Move 2694 | 21 655 613 679 436 290 Hop 15 | . 2 3 . 5 5 Pick Up 23 | 4 12 2 3 1 1 Fast Attach 5 | . . . 4 . 1 Attach 9 | 2 5 . 1 . 1 Detach . | . . . . . . Swap 8 | . 4 1 2 1 . Drop 17 | . 5 2 9 1 . Fire 39 | . 36 . . . 3 Melee . | . . . . . . Ram . | . . . . . . Kick . | . . . . . . Crush . | . . . . . . Escape Stasis . | . . . . . . Rewire . | . . . . . . Trap . | . . . . . . Miscellaneous . | . . . . . . Route ------- -11/Scrapyard -10/Materials (discovered 4 exits: [*Mat x3] / [*Min]) -10/Mines (discovered 2 exits: [*Mat] / *Exi) -10/Exiles (discovered 2 exits: *Min x2) -9/Mines -8/Materials History --------- Turn | Location | Event 3 | -11/Scrapyard | Discovered new exit (range 15) 18 | -11/Scrapyard | Entered Materials 107 | -10/Materials | Discovered new exit (range 14) 217 | -10/Materials | Core integrity fell below 50% 218 | -10/Materials | Destroyed 7 combat bots 258 | -10/Materials | Central database locked down 273 | -10/Materials | Discovered new exit (range 12) 362 | -10/Materials | Discovered new exit (range 14) 416 | -10/Materials | Discovered new exit (range 16) 427 | -10/Materials | Entered Mines 449 | -10/Mines | Found a damaged Exp. Sensor Array with a note attached 452 | -10/Mines | Found Prototype Device 460 | -10/Mines | Learned Materials trap positions 481 | -10/Mines | Assisted by bots powering up and referring to "LRC-V3" 529 | -10/Mines | Build established: Scavenger-Mutant 626 | -10/Mines | Learned location of Zion (-6) 644 | -10/Mines | Discovered new exit (range 12) 681 | -10/Mines | Deemed a non-threat by the Exiles lab entrance 681 | -10/Mines | Discovered new exit (range 5) 682 | -10/Mines | Entered Exiles 692 | -10/Exiles | Met 8R-AWN 698 | -10/Exiles | Met EX-HEX 717 | -10/Exiles | Met EX-DEC 733 | -10/Exiles | Visited The Gauntlet 791 | -10/Exiles | Discovered new exit (range 14) 818 | -10/Exiles | Met EX-BIN 825 | -10/Exiles | Aligned with FarCom system 825 | -10/Exiles | Given EX-Vault access code 839 | -10/Exiles | Opened EX-Vault 843 | -10/Exiles | Found Prototype Energy Gun 843 | -10/Exiles | Identified AWS/Thermal 844 | -10/Exiles | Identified Exp. Sensor Array 858 | -10/Exiles | Found Prototype Device 858 | -10/Exiles | Identified Supersonic Drone Bay 862 | -10/Exiles | Found Prototype Device 862 | -10/Exiles | Identified Cloak of Protection 878 | -10/Exiles | Warned to stay clear of 0b10 Research branches 902 | -10/Exiles | Discovered new exit (range 14) 951 | -10/Exiles | Stole two prototypes: AWS/Thermal, Cloak of Protection 951 | -10/Exiles | Entered Mines 953 | -9/Mines | Met a Derelict bent on vengeance 985 | -9/Mines | Learned 2 Materials zone layouts 1024 | -9/Mines | Assembled infested the area 1029 | -9/Mines | Assisted by a Guerilla fighting off Assembled 1048 | -9/Mines | Met a Derelict who couldn't figure out how to use a Trap Extractor 1064 | -9/Mines | Learned Materials emergency access door positions 1107 | -9/Mines | Received a Rocket Launcher from a helpful Derelict 1143 | -9/Mines | Discovered new exit (range 7) 1146 | -9/Mines | Received a Mining Laser from a helpful Derelict 1147 | -9/Mines | Entered Materials 1147 | -8/Materials | Evolved 4 slots: Propulsion x1, Utility x3 1149 | -8/Materials | Loaded intel: 5 trap records 1251 | -8/Materials | Build established: Scout 1287 | -8/Materials | Self-destructed Last Messages --------------- Gravmag System (28%) Gravmag System (68%) Connecting with Terminal... >>Traps(Locate) Found 2 traps in 1 array: 2x Proton Bomb Trap Map updated. Acquired Propulsion Shielding. Acquired Flight Unit. K-01 Serf collects debris. O-16 Technician: "IFF HANDSHAKE FAILED. SECURING TERMINAL." ALERT: Hostiles spotted, dispatching reinforcements to Terminal M012. U-05 Engineer lays Concrete. O-16 Technician: "IFF HANDSHAKE FAILED. SECURING TERMINAL." K-01 Serf collects debris. ALERT: Hostiles spotted, dispatching reinforcements to Terminal M001. K-01 Serf collects debris. U-05 Engineer lays Concrete. Flight Unit destroyed. [Achievement: Hunted] Map ----- +----------------------------------------------------+ | ?????????????????????????????????????????????????? | | ?????????????????????????????????????????????????? | | ?????????????????????????????????????????????????? | | ?????????????????????????????????????????????????? | | ?????????????????????????????????????????????????? | | ??????????????????????????????????????############ | | ??????????????????????????????????????# # | | ??????????????????????????????????????# + | | ????????????????w?????????????????????# !! # | | ??????????????????????????????????????# !! # "T" | | # """"" # ?????????????????# !! # """ | | # """"" # #### ?????????????????# # | | # # ? #??# ?????????????????######+####+ | | ##########+##### ???????############?# | | #? """ """ """ # ???????# [ ?# | | ## """ """ """ # ???????# """ # ###### | | ## """ """ """ # ???????# """ """ # #????# | | #### # #??????# "R """ +^^###### | | ???# #? #??????# """ # # | | ???# # ######## + # | | ################## # T ##############+###+### | | #?????????#== #! #??????????# ## | | #?????????#== g# """ #??????????# """ ## | | #?????????#[[ g """ #??????????# """ # | | "" #?????????#[[ # """ #??????????# """ !#! | | "" #?????????# ! b #/ @ #??????????# # | | "" #?????????# s ####/#####????????# """ # | | "" #?????????##### # #????????# Y" # | | "" #?????????????# # s """ #????????# """ #! | | #?????????????# s# """ #????????# ] + | | +################# s """ #????????########## | | ? s # #?????????????????# | | s s # """ #?????????????????## | | # """ #?????????????????# | | ################## # """ #?????????????????# | | ?????????????????# # #?????????????????# | | ?????????????????# ##########?????????????????# | | ?????????????????# #??????????????????????????# | | ?????????????????# #??????????????????????????# | | ?????????????????# #??????????????????????????# | | ?????????????????# #??????????????????????????# | | ?????????????????# #????????????#######???????# | | ?????????????????# ############## #???##### | | ?????????????????#? #???#[[ | | ?????????????????# #???#[[ | | ?????????????????# #???#!! | | ?????????????????# ############## #???#!! | | ?????????????????# #????????????## ##???#!! | | ?????????????????? #?????????????# #????#!! | | ???????????????### #?????????????#? #????##### | +----------------------------------------------------+ Best States ------------- Heat Dissipation 39 Energy Generation 14 Energy Capacity 160 Matter Stores 300 Matter Capacity 300 Sight Range 22 Robot Scan Range 30 Terrain Scan Density 10 Propulsion Shielding 33 Evasion (%) 63 Item Schematics ----------------- None Robot Schematics ------------------ None Fabricated ------------ Nothing Alien Tech Used ----------------- None Achievements -------------- Hunted I Survived The Infestation Challenges ------------ None Game ------ Seed PotentialCompositeBoosters Manual? 0 Play Time 00:40:28 Cumulative 11.3 hours Start 2021.11.27 @ 19:54:13 End 2021.11.27 @ 20:35:10 Sessions 1 Manual Loads 0 Difficulty Rogue Special Mode None Game No. 15 Rogue 14 Adventurer 1 Explorer 0 Win Type - Total 0 Types 0/0/0/0/0/0/0/0/0 Lore% 17 Gallery% 15 Achievement% 19 Wizard Run 0 Options --------- ASCII 0 Keyboard 0 Movement Mouse Keybinds 0 Fullscreen 1 Font 18/SmallcapsGlow Map View 76x50 Tactical HUD 0 Map Filters NONE Filters NONE Steam 1 RUN: d5f51c28-208e-4ebf-8b4e-ec4e29e2e4f9